 Dungeon Crawl Stone Soup version 0.31-a0-765-g67fe2935dc (webtiles) character file.

Game seed: 7117403213471827478

100 ryw the Ruffian (level 4, -5/51 HPs)
             Began as a Gnoll Shapeshifter on Sept 15, 2023.
             Splashed by a jelly's acid (8 damage)
             ... on level 3 of the Dungeon.
             The game lasted 00:02:34 (1605 turns).

ryw the Ruffian (Gnoll Shapeshifter)                Turns: 1605, Time: 00:02:34

Health: -5/51      AC: 10    Str: 16    XL:     4   Next: 73%
Magic:  5/5        EV:  2    Int:  9    God:
Gold:   101        SH:  0    Dex: 11    Spells: 5/5 levels left

rFire   . .          .
                       - Unarmed
rCold   . . .        (no shield)
rNeg    . . .        a - melded +0 animal skin
rPois   +            (helmet currently unavailable)
rElec   .            (cloak currently unavailable)
rCorr   .            (gloves currently unavailable)
SInv    .            (boots currently unavailable)
Will    .....        (no amulet)
Stlth   ++           k - ring of poison resistance
HPRegen 0.28/turn    (no ring)
MPRegen 0.09/turn

%: no passive effects
@: tree-form, corroded
A: stationary, stasis, torment immunity, boosted hp, (fangs 1), strong nose,
distributed training
a: no special abilities


You were on level 3 of the Dungeon.
You were a tree.
You visited 1 branch of the dungeon, and saw 3 of its levels.

You collected 101 gold pieces.

Inventory:

Missiles
 e - 3 boomerangs
 i - a throwing net
Armour
 a - a +0 animal skin (melded)
 n - a +0 pair of boots
Jewellery
 k - a ring of poison resistance (left branch)
 l - a ring of protection from cold
Talismans
 c - a beast talisman
 d - a flux talisman
 v - a maw talisman
Scrolls
 h - 3 scrolls of butterflies {unknown}
 m - 2 scrolls of blinking {unknown}
 o - 3 scrolls of enchant armour {unknown}
 p - a scroll of fear {unknown}
 t - a scroll of fog {unknown}
 u - 2 scrolls of teleportation {unknown}
Potions
 f - a potion of invisibility {unknown}
 g - a potion of might {unknown}
 j - a potion of mutation {unknown}
 q - a potion of heal wounds {unknown}
 r - a potion of curing {unknown}
 s - a potion of enlightenment {unknown}


   Skills:
 + Level 2.8 Fighting
 + Level 1.2 Short Blades
 + Level 1.2 Long Blades
 + Level 1.2 Axes
 + Level 1.2 Maces & Flails
 + Level 1.2 Polearms
 + Level 1.2 Staves
 + Level 1.2 Ranged Weapons
 + Level 1.2 Throwing
 + Level 1.2 Armour
 + Level 4.7 Dodging
 + Level 1.2 Stealth
 + Level 1.2 Shields
 + Level 6.6 Unarmed Combat
 + Level 1.2 Spellcasting
 + Level 1.0 Conjurations
 + Level 1.0 Hexes
 + Level 1.0 Summonings
 + Level 1.0 Necromancy
 + Level 1.0 Translocations
 + Level 1.0 Transmutations
 + Level 1.0 Fire Magic
 + Level 1.0 Ice Magic
 + Level 1.0 Air Magic
 + Level 1.0 Earth Magic
 + Level 1.0 Poison Magic
 + Level 1.4 Invocations
 + Level 1.2 Evocations
 + Level 6.6 Shapeshifting


You had 5 spell levels left.
You didn't know any spells.
Your spell library was empty.

Dungeon Overview and Level Annotations

Branches:
Dungeon (3/15)

Altars:


Innate Abilities, Weirdness & Mutations

You are a tree.
Your roots penetrate the ground, keeping you stationary.
You cannot be teleported.
You are immune to unholy pain and torment.
Your maximum health is greatly increased.
Your equipment is partially melded.
((You have very sharp teeth.))
Your uncanny sense of smell can sniff out nearby items.
Your experience applies equally to all skills.


Message History

Unknown command.
Press < or > to pray at altars.
A jelly comes into view.
Found an escape hatch in the ceiling.
The jelly quivers.
An adder comes into view.
The jelly hits you. The acid corrodes you!
You are splashed with acid!
You punch the jelly! The acid corrodes you!
Your hands burn!
The jelly is heavily wounded.
The jelly barely misses you.
You hit the jelly but do no damage.
Your hands burn!
The jelly is heavily wounded.
The jelly hits you. The acid corrodes you!
You are splashed with acid!
* * * LOW HITPOINT WARNING * * *
You are too injured to fight recklessly!
You are too injured to fight recklessly!
You are too injured to fight recklessly!
Unknown command.
You hit the jelly.
Your hands burn!
* * * LOW HITPOINT WARNING * * *
The jelly is severely wounded.
The jelly misses you.
Your transformation has ended.
You turn into a tree.
Your +0 animal skin melds into your body.
Your roots penetrate the ground.
The jelly hits you but does no damage. The adder bites you but does no damage.
You hit the jelly.
Your branches burn!
* * * LOW HITPOINT WARNING * * *
The jelly is severely wounded.
The adder bites you.
* * * LOW HITPOINT WARNING * * *
The jelly hits you but does no damage.
You hit the jelly.
Your branches burn!
* * * LOW HITPOINT WARNING * * *
The jelly is almost dead.
The adder bites you but does no damage. The jelly hits you.
* * * LOW HITPOINT WARNING * * *
You are splashed with acid!
You die...

#........## ##
#........##
'.########
#####...###
#........# #.#....
#........# ###.##.
#.......# #.##.
#.......# #....
#.....J.# ####.
#.....♣.# ##..
#.....S.# #..#
#.......## #.##
#........## ##...
####...#..# ##..[.
#...##.########.....
+<..##..........#...
#...###.......######
∆#...# #>.._...#


You could see a jelly and an adder.

Vanquished Creatures
  Jessica (D:2)
  An adder (D:2)
  2 dart slugs
  9 orcs
  2 ball pythons
  11 bats
  An endoplasm (D:1)
  4 giant cockroaches
  A goblin (D:1)
  2 hobgoblins (D:2)
  5 quokkas
  3 frilled lizards (D:1)
  3 kobolds
  5 rats
50 creatures vanquished.

Notes
Turn   | Place    | Note
-------+----------+-------------------------------------------
     0 | D:1      | ryw the Gnoll Shapeshifter began the quest for the Orb.
     0 | D:1      | Reached XP level 1. HP: 17/17 MP: 1/1
   215 | D:1      | Reached XP level 2. HP: 21/23 MP: 2/2
   698 | D:2      | Reached XP level 3. HP: 28/28 MP: 3/3
   825 | D:2      | Reached skill level 1 in Invocations
   939 | D:2      | Reached skill level 1 in Short Blades
   939 | D:2      | Reached skill level 1 in Long Blades
   939 | D:2      | Reached skill level 1 in Axes
   939 | D:2      | Reached skill level 1 in Maces & Flails
   939 | D:2      | Reached skill level 1 in Polearms
   939 | D:2      | Reached skill level 1 in Staves
   939 | D:2      | Reached skill level 1 in Ranged Weapons
   939 | D:2      | Reached skill level 1 in Throwing
   939 | D:2      | Reached skill level 1 in Armour
   939 | D:2      | Reached skill level 1 in Stealth
   939 | D:2      | Reached skill level 1 in Shields
   939 | D:2      | Reached skill level 1 in Spellcasting
   939 | D:2      | Reached skill level 1 in Evocations
  1332 | D:2      | Noticed Jessica
  1336 | D:2      | Killed Jessica
  1337 | D:2      | Reached XP level 4. HP: 31/34 MP: 5/5
  1338 | D:2      | Reached skill level 1 in Conjurations
  1338 | D:2      | Reached skill level 1 in Hexes
  1338 | D:2      | Reached skill level 1 in Summonings
  1338 | D:2      | Reached skill level 1 in Necromancy
  1338 | D:2      | Reached skill level 1 in Translocations
  1338 | D:2      | Reached skill level 1 in Transmutations
  1338 | D:2      | Reached skill level 1 in Fire Magic
  1338 | D:2      | Reached skill level 1 in Ice Magic
  1338 | D:2      | Reached skill level 1 in Air Magic
  1338 | D:2      | Reached skill level 1 in Earth Magic
  1338 | D:2      | Reached skill level 1 in Poison Magic
  1579 | D:3      | Found a faded altar of an unknown god.
  1605 | D:3      | Splashed by a jelly's acid

Illustrated notes

Levels and vault maps discovered:
D:1:      evilmike_arrival_plus, layout_loops_cross, chequers_decorated_corner
D:2:      layout_basic, kennysheep_jessica_study
D:3:      layout_basic, ebering_ecumenical_altar_sacrificial

Skill      XL: |  1  2  3  4 |
---------------+-------------+-----
Invocations    | 1 |  1.4
Short Blades   | 1 |  1.2
Long Blades    | 1 |  1.2
Axes           | 1 |  1.2
Maces & Flails | 1 |  1.2
Polearms       | 1 |  1.2
Staves         | 1 |  1.2
Ranged Weapons | 1 |  1.2
Throwing       | 1 |  1.2
Armour         | 1 |  1.2
Stealth        | 1 |  1.2
Shields        | 1 |  1.2
Spellcasting   | 1 |  1.2
Evocations     | 1 |  1.2
Conjurations   | 1 |  1.0
Hexes          | 1 |  1.0
Summonings     | 1 |  1.0
Necromancy     | 1 |  1.0
Translocations | 1 |  1.0
Transmutations | 1 |  1.0
Fire Magic     | 1 |  1.0
Ice Magic      | 1 |  1.0
Air Magic      | 1 |  1.0
Earth Magic    | 1 |  1.0
Poison Magic   | 1 |  1.0
Fighting       | |  2.8
Dodging        | |  4.7
Unarmed Combat | |  6.6
Shapeshifting  | |  6.6

Action                     |  1- 3 |  4- 6 || total
---------------------------+-------+-------++-------
  Melee: Unarmed           |    88 |    32 ||   120
         Bite              |     6 |     2 ||     8
         Punch             |     1 |     1 ||     2
    Use: Potion            |       |     1 ||     1
   Stab: Sleeping          |     2 |       ||     2
 Armour: Animal skin       |    33 |    19 ||    52
         Skin              |       |     6 ||     6
  Dodge: Dodged            |    61 |    36 ||    97

Table legend: (Time is in decaauts)
 A = Elapsed time spent in this place.
 B = Non-inter-level travel time spent in this place.
 C = Inter-level travel time spent in this place.
 D = Time resting spent in this place.
 E = Time spent auto-exploring this place.
 F = Levels seen in this place.
 G = Mean time per level.
                   A        B        C        D        E       F      G
               +--------+--------+--------+--------+--------+-----+--------+
         Total |   1590 |   1553 |     37 |      0 |   1256 |   3 |  530.0 |
       Dungeon |   1590 |   1553 |     37 |      0 |   1256 |   3 |  530.0 |
               +--------+--------+--------+--------+--------+-----+--------+

Top non-repeatable levels by time:
     D:2: 695 daAuts
     D:1: 665 daAuts
     D:3: 229 daAuts
